 Dungeon Crawl Stone Soup version 0.27.1-33-g824d729ab1 (webtiles) character file.

Game seed: 6734128737734312205

2102 zeram the Cutter (level 9, -1/45 (51) HPs)
             Began as an Octopode Conjurer on Dec 21, 2021.
             Was an Initiate of Gozag.
             Slain by a wight (7 damage)
             ... on level 6 of the Dungeon.
             The game lasted 00:18:13 (11340 turns).

zeram the Cutter (Octopode Conjurer)               Turns: 11340, Time: 00:18:13

HP:   -1/45 (51)    AC:  8    Str:  7    XL:     9   Next: 28%
MP:   12/12         EV: 15    Int: 23    God:    Gozag
Gold: 584           SH:  0    Dex: 10    Spells: 9/12 levels left

rFire    + . .     SeeInvis +   g - +3 dagger (protect)
rCold    . . .     Faith    .   (no shield)
rNeg     . . .     Spirit   .   (helmet restricted)
rPois    .         Reflect  .   (no amulet)
rElec    .         Harm     .   i - ring of see invisible
rCorr    .         Rampage  .   m - ring of protection from fire
Will     .....                  (no ring)
Stlth    +++.......             (no ring)
HPRegen  0.15/turn              (no ring)
MPRegen  0.13/turn              (no ring)
                                (no ring)
                                (no ring)

@: under a protective aura, heavily drained
A: almost no armour, amphibious, 8 rings, camouflage 1, gelatinous body 1,
(nimble swimmer 1), tentacles
a: Renounce Religion, Potion Petition, Call Merchant, Bribe Branch


You were on level 6 of the Dungeon.
You worshipped Gozag.
Gozag was pleased with you.
You visited 2 branches of the dungeon, and saw 8 of its levels.
You also visited: Ossuary.

You collected 729 gold pieces.
You spent 66 gold pieces at shops.
You paid 79 gold pieces to Gozag.

Inventory:

Hand Weapons
 b - a +2 dagger of draining
 g - a +3 dagger of protection (weapon)
 k - a +0 spear
Jewellery
 i - a ring of see invisible (left tentacle)
 m - a ring of protection from fire (right tentacle)
Wands
 a - a wand of acid (6)
 d - a wand of iceblast (12)
 h - a wand of flame (11)
 u - a wand of paralysis (9)
Scrolls
 e - 3 scrolls of enchant armour
 o - a scroll of identify
 r - a scroll of fog
Potions
 c - 3 potions of brilliance
 f - 3 potions of resistance
 j - 3 potions of flight
 l - a potion of magic
 q - a potion of mutation


   Skills:
 + Level 7.9 Short Blades
 + Level 7.0 Dodging
 - Level 2.6 Stealth
 - Level 2.0 Spellcasting
 + Level 7.1 Conjurations


You had 9 spell levels left.
You knew the following spells:

 Your Spells              Type           Power      Damage    Failure   Level
a - Magic Dart            Conj           100%       1d8       1%          1
b - Searing Ray           Conj           70%        3d5       1%          2

Your spell library contained the following spells:

 Spells                   Type           Power      Damage    Failure   Level
 Dazzling Flash           Conj/Hex       36%        N/A       9%          3
 Sandblast                Erth           4%         2d4       13%         1
 Passwall                 Tmut/Erth      1%         N/A       19%         2
 Iskenderun's Battlesphe  Conj           35%        2d9       19%         5
 Fulminant Prism          Conj/Hex       9%         3d7       30%         4
 Iskenderun's Mystic Bla  Conj/Tloc      18%        2d6       30%         4
 Call Canine Familiar     Summ           2%         N/A       36%         3
 Portal Projectile        Hex/Tloc       4%         N/A       36%         3
 Fireball                 Conj/Fire      9%         3d6       63%         5
 Leda's Liquefaction      Hex/Erth       1%         N/A       77%         4
 Lee's Rapid Deconstruct  Erth           1%         3d5*      98%         5
 Conjure Ball Lightning   Conj/Air       9%         3x3d6     99%         6
 Orb of Destruction       Conj           17%        9d8       99%         7


Dungeon Overview and Level Annotations

Branches:
Dungeon (7/15)             Temple (1/1) D:4         Ossuary (visited)

Altars:
Ashenzari
Cheibriados
Dithmenos
Fedhas
Gozag
Hepliaklqana
Kikubaaqudgha
Makhleb
Okawaru
Trog
Uskayaw
Vehumet
Xom
Zin
The Shining One
Jiyva

Shops:
D:6 *

Annotations:
D:2 Sigmund


Innate Abilities, Weirdness & Mutations

You cannot wear most types of armour.
You are amphibious.
You can wear up to eight rings at the same time.
Your skin changes colour to match your surroundings (Stealth+).
Your rubbery body absorbs attacks. (AC +1, EV +1)
((You are camouflaged near water. (Stealth+)))
You have tentacles for arms and can constrict up to eight enemies at once.


Message History

The wight hits you with a +4 long sword of freezing!
The wight freezes you.
* * * LOW HITPOINT WARNING * * *
The sky beast flickers out of sight for a moment.
Things that are here:
a +0 shortbow; 8 arrows The sky beast flickers out of sight for a moment.
Things that are here:
4 gold pieces; a +1 falchion of freezing; a +0 robe The sky beast flickers out of sight for a moment.
Found 30 stones.
There is a stone staircase leading up here.
The wight closely misses you.
You climb upwards.
There is a stone staircase leading down here.
You barely miss the wight. Your grab misses the wight.
You squeeze the wight, but do no damage.
You hit the wight but do no damage.
Your weapon exudes an aura of protection.
You grab the wight.
You constrict the wight, but do no damage.
The wight barely misses you.
You hit the wight.
The wight is lightly damaged.
You constrict the wight, but do no damage.
You hit the wight. You squeeze the wight.
The wight is moderately damaged.
You constrict the wight, but do no damage.
The wight hits you with a +4 long sword of freezing!
* * * LOW HITPOINT WARNING * * *
The wight freezes you.
* * * LOW HITPOINT WARNING * * *
Okay, then.
You hit the wight.
You squeeze the wight, but do no damage.
The wight is heavily damaged.
You constrict the wight.
The wight hits you with a +4 long sword of freezing!
You die...
Your body crumbles into a pile of gold.

####...###.#...#.#.)...#
..##...# #.....#.###.#.#
...#...# #.....#.###.#.#
...#...# #.##..........#
...#...###.###.#.#.#####
...........##........#
#..##########.....##[#
##.............z..##.#
.##.########.#..@..)[#
..#.##.....#.#.#######
.⌠+.##.###.#.#.#
#.#.##...#...#.#
###.####.#####.# .##.#
#.......# ..#.#
######### #...# #####


You could see a wight.

Vanquished Creatures
  A steam dragon (D:5)
  An ice beast (D:6)
  2 black bears (D:4)
  A necrophage (D:6)
  An ogre (D:7)
  3 centaurs
  A kobold brigand (D:7)
  A wyvern zombie (D:5)
  A wyvern skeleton (D:3)
  A water moccasin skeleton (D:5)
  2 howler monkeys (D:7)
  5 wights
  3 bullfrog zombies
  2 centaur zombies
  4 hounds
  2 bullfrog skeletons
  A centaur skeleton (D:6)
  2 human zombies (Ossuary)
  An orc priest (D:4)
  An iguana (D:3)
  3 orc wizards
  2 hound skeletons (D:4)
  4 mummies (Ossuary)
  4 adders
  2 howler monkey skeletons
  A shadow imp (D:7)
  An ufetubus (D:5)
  2 worms
  2 dart slugs (D:4)
  14 orcs
  5 ball pythons
  5 bats
  9 endoplasms
  5 giant cockroaches
  7 goblins
  3 hobgoblins
  A quokka (D:5)
  2 frilled lizards (D:2)
  A goblin zombie (Ossuary)
  2 hobgoblin zombies (Ossuary)
  14 kobolds
  2 kobold zombies (Ossuary)
  A quokka skeleton (D:4)
  4 rats
132 creatures vanquished.

Vanquished Creatures (others)
  A kobold (D:7)
1 creature vanquished.

Grand Total: 133 creatures vanquished

Notes
Turn   | Place    | Note
-------+----------+-------------------------------------------
     0 | D:1      | zeram the Octopode Conjurer began the quest for the Orb.
     0 | D:1      | Reached XP level 1. HP: 11/11 MP: 3/3
   525 | D:1      | Reached XP level 2. HP: 17/17 MP: 0/5
   857 | D:1      | Learned a level 2 spell: Searing Ray
  1547 | D:2      | Noticed Sigmund
  1551 | D:2      | Reached skill level 5 in Conjurations
  1551 | D:2      | Reached XP level 3. HP: 21/21 MP: 6/6
  2915 | D:3      | Found a faded altar of an unknown god.
  2915 | D:3      | Found a hazy altar of Hepliaklqana.
  2924 | D:3      | Found a faded altar of an unknown god.
  2929 | D:3      | Found a broken altar of Ashenzari.
  2931 | D:3      | Found a snail-covered altar of Cheibriados.
  3054 | D:3      | Reached XP level 4. HP: 8/27 MP: 7/7
  3516 | D:3      | Reached skill level 1 in Short Blades
  3516 | D:3      | Reached XP level 5. HP: 7/31 MP: 8/8
  4222 | D:4      | Found a staircase to the Ecumenical Temple.
  4230 | Temple   | Entered the Ecumenical Temple
  4605 | D:4      | Reached XP level 6. HP: 21/36 MP: 9/9
  4859 | D:4      | Noticed a black bear
  4869 | D:4      | Killed a black bear
  5018 | D:4      | Noticed a black bear
  5025 | D:4      | Killed a black bear
  5026 | D:4      | Reached XP level 7. HP: 41/41 MP: 6/10
  5891 | D:5      | Entered Level 5 of the Dungeon
  6687 | D:5      | Found an iron altar of Okawaru.
  7856 | D:5      | Reached skill level 5 in Short Blades
  8047 | D:5      | Reached XP level 8. HP: 46/46 MP: 11/11
  8209 | D:5      | Found an opulent altar of Gozag.
  8215 | D:5      | Became a worshipper of Gozag Ym Sagoz the Greedy
  8403 | D:6      | Noticed an angel
  8404 | D:6      | Found a glowing silver altar of Zin.
  8509 | D:6      | Reached skill level 5 in Dodging
  8654 | D:6      | Found a sand-covered staircase.
  8659 | Ossuary  | Entered an ossuary
  9630 | D:6      | Found Vona's CLEARANCE SALE! EVERYTHING MUST GO!.
  9635 | D:6      | Bought a wand of paralysis (9) for 66 gold pieces
  9866 | D:5      | Reached XP level 9. HP: 40/51 MP: 12/12
 11340 | D:6      | Slain by a wight

Illustrated notes

Levels and vault maps discovered:
D:1:      eino_arrival_cavern_b, layout_loops_ring
D:2:      layout_basic, uniq_sigmund
D:3:      layout_loops_ring, chequers_temple_overflow_minitemple
D:4:      layout_loops_corners, minmay_temple_entry_glassed_door,
          minmay_box_of_dots
D:5:      layout_cave_pools, kennysheep_okawaru_gauntlet,
          nicolae_gozag_cash_rules_everything_around_me
D:6:      layout_basic, zin_angel, enter_ossuary_5, grunt_decor_arrowhead,
          hex_large, nicolae_shop_clearance
D:7:      layout_basic
Temple:   pf_slime_end_temple

Skill      XL: |  1  2  3  4  5  6  7  8  9 |
---------------+----------------------------+-----
Conjurations   | 5 6 7 |  7.1
Short Blades   | 1 3 5 7 |  7.9
Dodging        | 3 4 6 7 |  7.0
Stealth        | |  2.6
Spellcasting   | |  2.0

Action                   |  1- 3 |  4- 6 |  7- 9 || total
-------------------------+-------+-------+-------++-------
Melee: Unarmed           |     8 |       |       ||     8
       Constrict         |    13 |    12 |    44 ||    69
       Tentacles         |     6 |     9 |    57 ||    72
       Dagger            |    47 |    72 |   383 ||   502
       Spear             |       |       |    12 ||    12
 Cast: Magic Dart        |    15 |     6 |    14 ||    35
       Searing Ray       |       |     4 |     5 ||     9
  Use: Scroll            |     5 |     1 |    12 ||    18
       Potion            |     2 |       |    10 ||    12
 Stab: Sleeping          |    11 |     4 |    12 ||    27
Armor: Skin              |     1 |     8 |   105 ||   114
Dodge: Dodged            |    24 |    45 |   189 ||   258
